 Dungeon Crawl Stone Soup version 0.29-a0-824-gd827844252 (webtiles) character file.

Game seed: 4990000308060079100

308805 buhh the Alchemist (level 21, -8/143 HPs)
             Began as an Octopode Transmuter on July 10, 2022.
             Was the Champion of Cheibriados.
             Killed from afar by an acid blob (16 damage)
             ... with a splash of acid
             ... on level 5 of the Pits of Slime on July 11, 2022.
             The game lasted 01:36:25 (50464 turns).

buhh the Alchemist (Octopode Transmuter)           Turns: 50464, Time: 01:36:26

Health: -8/143     AC:  8    Str: 24    XL:     21   Next: 22%
Magic:  11/51      EV: 49    Int: 46    God:    Cheibriados [******]
Gold:   2213       SH:  0    Dex: 41    Spells: 11/36 levels left

rFire   + . .      SeeInvis +     - Unarmed
rCold   + . .      Faith    .   (shield currently unavailable)
rNeg    . . .      Spirit   .   (helmet currently unavailable)
rPois   ∞          Reflect  .   D - amulet of magic regeneration
rElec   +          Harm     .   G - +4 ring of evasion
rCorr   .          Rampage  .   Q - ring of willpower
Will    +++..                   W - +6 ring of dexterity
Stlth   ++++......              I - ring "Gapit" {rF+ rC+}
HPRegen 0.33/turn               J - ring of Finality {Will+ Int+6 Dex+6 SInv}
MPRegen 0.72/turn               V - ring of magical power
                                S - ring of magical power
                                M - ring of flight

@: storm-form, corroded, flying, studying Short Blades, very slow
A: cleaving, insubstantial, flying, almost no armour, amphibious, 8 rings,
(camouflage 1), (gelatinous body 1), (nimble swimmer 1), (tentacles)
}: 2/15 runes: decaying, serpentine
a: Blinkbolt, End Transformation, Renounce Religion, Bend Time, Temporal
Distortion, Slouch, Step From Time


You were on level 5 of the Pits of Slime.
You worshipped Cheibriados.
Cheibriados was exalted by your worship.
You were a lightning-filled tempest!
You visited 8 branches of the dungeon, and saw 39 of its levels.
You also visited: Bailey, Gauntlet, Ice Cave and Wizlab.

You collected 4511 gold pieces.
You spent 2298 gold pieces at shops.

Inventory:

Missiles
 L - 7 curare-tipped darts
 Y - 3 poisoned darts
Armour
 i - the +3 crown of Dyrovepreva (melded) {rElec Int+2 SInv}
   (You acquired it in a bailey)

   Int:       It affects your intelligence (+2).
   rElec:     It insulates you from electricity.
   SInv:      It lets you see invisible.
Jewellery
 n - an amulet of guardian spirit
 x - a +6 ring of intelligence
 B - a ring of resist corrosion
 D - an amulet of magic regeneration (around neck)
 G - a +4 ring of evasion (left fist)
 H - a +6 ring of strength
 I - the ring "Gapit" (on tentacle) {rF+ rC+}
   (You acquired it in a bailey)

   [ring of protection from fire]

   rF:        It protects you from fire.
   rC:        It protects you from cold.
 J - the ring of Finality (on tentacle) {Will+ Int+6 Dex+6 SInv}
   (You acquired it in a bailey)

   [ring of intelligence]

   Int:       It affects your intelligence (+6).
   Dex:       It affects your dexterity (+6).
   SInv:      It lets you see invisible.
   Will:      It increases your willpower.
 M - a ring of flight (on tentacle)
 O - a +6 ring of strength
 Q - a ring of willpower (right fist)
 S - a ring of magical power (on tentacle)
 V - a ring of magical power (on tentacle)
 W - a +6 ring of dexterity (on tentacle)
Wands
 E - a wand of flame (133)
 F - a wand of charming (17)
 N - a wand of polymorph (10)
 U - a wand of roots (4)
Scrolls
 a - 10 scrolls of identify {!d}
 b - a scroll of blinking {!d}
 c - 15 scrolls of teleportation {!d!d}
 d - 4 scrolls of magic mapping {!d}
 e - 3 scrolls of poison
 f - 7 scrolls of fog
 g - 2 scrolls of amnesia
 h - 5 scrolls of enchant armour
 j - 6 scrolls of enchant weapon
 k - 3 scrolls of torment
 l - 9 scrolls of immolation {!r}
 A - 7 scrolls of vulnerability
 K - 9 scrolls of fear {!d}
 R - a scroll of silence {!r}
 T - 4 scrolls of brand weapon
Potions
 m - 5 potions of might
 o - 4 potions of mutation {!q!d}
 p - 3 potions of invisibility {!d}
 q - 4 potions of magic {!d}
 r - 8 potions of cancellation {!q!d}
 s - 2 potions of resistance {!d}
 t - 8 potions of brilliance {!d}
 u - 2 potions of ambrosia {!d}
 v - 12 potions of curing {!d}
 w - 15 potions of heal wounds {!d}
 y - 4 potions of haste {!q}
 z - 4 potions of berserk rage {!q}
 C - 6 potions of degeneration
 P - 12 potions of attraction
 Z - 4 potions of flight
Miscellaneous
 X - a box of beasts


   Skills:
 - Level 12.3 Fighting
 * Level 14.9 Dodging
 - Level 3.0 Stealth
 - Level 12.3 Unarmed Combat
 * Level 8.2 Spellcasting
 - Level 11.0 Translocations
 - Level 17.5 Transmutations
 - Level 6.0 Ice Magic
 * Level 14.8 Air Magic
 - Level 8.0 Earth Magic
 - Level 2.0 Poison Magic
 - Level 13.0 Invocations


You had 11 spell levels left.
You knew the following spells:

 Your Spells              Type           Power      Damage    Failure   Level
a - Beastly Appendage     Tmut           100%       N/A       0%          1
b - Wereblood             Tmut           100%       N/A       0%          2
d - Ice Form              Ice/Tmut       91%        N/A       1%          4
f - Statue Form           Tmut/Erth      62%        N/A       1%          6
q - Storm Form            Tmut/Air       53%        N/A       1%          7
r - Manifold Assault      Tloc           88%        N/A       1%          5

Your spell library contained the following spells:

 Spells                   Type           Power      Damage    Failure   Level
 Apportation              Tloc           100%       N/A       0%          1
 Foxfire                  Conj/Fire      72%        2x1d7     1%          1
 Necrotise                Necr           72%        1d7       1%          1
 Summon Small Mammal      Summ           72%        N/A       1%          1
 Blink                    Tloc           100%       N/A       1%          2
 Poisonous Vapours        Pois/Air       100%       N/A       1%          2
 Static Discharge         Conj/Air       72%        3-12/arc  1%          2
 Gell's Gravitas          Tloc           88%        N/A       1%          3
 Ozocubu's Armour         Ice            65%        N/A       1%          3
 Portal Projectile        Hex/Tloc       100%       N/A       1%          3
 Spider Form              Tmut/Pois      83%        N/A       1%          3
 Teleport Other           Tloc           88%        N/A       1%          3
 Airstrike                Air            50%        0-16+     1%          4
 Corpse Rot               Necr/Pois/Air  63%        N/A       1%          4
 Iskenderun's Mystic Bla  Conj/Tloc      62%        2d13      1%          4
 Passage of Golubria      Tloc           88%        N/A       1%          4
 Petrify                  Tmut/Erth      94%        N/A       1%          4
 Summon Lightning Spire   Summ/Air       72%        N/A       1%          4
 Alistair's Intoxication  Tmut/Pois      55%        N/A       1%          5
 Irradiate                Conj/Tmut      39%        3d26      1%          5
 Lee's Rapid Deconstruct  Erth           37%        3d20*     1%          5
 Lightning Bolt           Conj/Air       36%        1d54      1%          5
 Silence                  Hex/Air        36%        N/A       1%          5
 Yara's Violent Unravell  Hex/Tmut       39%        3d16      1%          5
 Scorch                   Fire           36%        2d7       2%          2
 Sublimation of Blood     Necr           18%        N/A       2%          2
 Leda's Liquefaction      Hex/Erth       26%        N/A       2%          4
 Dispersal                Tloc           44%        N/A       2%          6
 Call Canine Familiar     Summ           18%        N/A       4%          3
 Confusing Touch          Hex            18%        N/A       4%          3
 Conjure Flame            Conj/Fire      18%        6-21      4%          3
 Dazzling Flash           Conj/Hex       36%        N/A       4%          3
 Inner Flame              Hex/Fire       18%        N/A       4%          3
 Summon Guardian Golem    Hex/Summ       18%        N/A       4%          3
 Eringya's Noxious Bog    Tmut/Pois      41%        N/A       4%          6
 Borgnjor's Vile Clutch   Necr/Erth      26%        N/A       8%          5
 Metabolic Englaciation   Hex/Ice        23%        N/A       12%         5
 Animate Dead             Necr           18%        N/A       14%         4
 Dispel Undead            Necr           18%        3d11      14%         4
 Flame Wave               Conj/Fire      18%        2d6       14%         4
 Sticky Flame             Conj/Fire      18%        2d4       14%         4
 Iskenderun's Battlesphe  Conj           18%        2d7       36%         5
 Iron Shot                Conj/Erth      26%        9d6       38%         6
 Simulacrum               Ice/Necr       23%        N/A       54%         6
 Death Channel            Necr           9%         N/A       91%         6
 Starburst                Conj/Fire      9%         6d5       91%         6
 Summon Cactus Giant      Summ           9%         N/A       91%         6
 Enfeeble                 Hex            9%         N/A       100%        7
 Spellforged Servitor     Conj/Summ      9%         N/A       100%        7
 Lehudib's Crystal Spear  Conj/Erth      26%        10d7      100%        8


Dungeon Overview and Level Annotations

Branches:
Dungeon (15/15) Zot: 35305  Temple (1/1) D:6 Zot: 8977    Lair (6/6) D:10 Zot: 35476
  Swamp (4/4) Lair:3 Zot: 30689   Snake (4/4) Lair:3 Zot: 27098   Slime (5/5) Lair:6 Zot: 40233
    Orc (2/2) D:9 Zot: 14189     Elf (2/3) Orc:2 Zot: 14042  Vaults (0/5) D:14
 Depths (0/4) D:15         Bailey (visited)           IceCv (visited)
 WizLab (visited)         Gauntlet (visited)

Altars:
Ashenzari
Cheibriados
Dithmenos
Elyvilon
Gozag
Hepliaklqana
Kikubaaqudgha
Makhleb
Qazlal
Ru
Trog
Uskayaw
Vehumet
Wu Jian
The Shining One
Jiyva

Shops:
D:7 *   D:10 [   D:12 !   D:13 [   D:15 :   Orc:1 **   Orc:2 **??   Snake:3 (!
Snake:4 =::

Annotations:
D:3 exclusion: downstairs
D:4 Edmund
D:6 1 runed translucent door, Crazy Yiuf
D:12 2 transporters, pokeman's ghost, journeyman DEHW
Lair:3 3 runed translucent doors, 1 exclusion, Zoerut Uceps's ghost, journeyman MfGl
Swamp:2 2 transporters, zhov's ghost, adept SpHu
Elf:1 6 runed translucent doors
Elf:2 5 runed translucent doors


Innate Abilities, Weirdness & Mutations

You are a lightning-filled tempest!
Your electrical attacks strike out in all directions at once.
You are incredibly evasive.
Your insubstantial body is immune to petrification, constriction, and being set on fire You are flying.
You are immune to poison.
Your armour is entirely melded.
You are incapable of wielding weapons or throwing items.
You cannot wear most types of armour.
You are amphibious.
You can wear up to eight rings at the same time.
((Your skin changes colour to match your surroundings (Stealth+).))
((Your rubbery body absorbs attacks. (AC +1, EV +1)))
((You are camouflaged when in or above water. (Stealth+)))
((You have tentacles for arms and can constrict up to eight enemies at once.))


Message History

The acid blob spits acid at you. The splash of acid hits you.
The acid corrodes you!
An acid blob comes into view.
The acid blob spits acid at you. The splash of acid misses you.
Space momentarily warps into an impossible shape!
You hit the acid blob.
Lightning courses through the acid blob!
You hit the acid blob.
You buffet the slime creature!
Lightning courses through the slime creature!
You hit the slime creature but do no damage.
The slime creature barely misses you. The acid blob completely misses you.
The slime creature completely misses you.
Space momentarily warps into an impossible shape!
You buffet the slime creature!
You batter the acid blob!!
You blast the slime creature!!!
You kill the slime creature!
Cheibriados thoroughly appreciates the change of pace.
You buffet the acid blob!
The acid blob spits acid at you. The splash of acid hits you!!
* * * LOW HITPOINT WARNING * * *
The acid blob hits you!!
* * * LOW HITPOINT WARNING * * *
You are splashed with acid.
* * * LOW HITPOINT WARNING * * *
The slime creature completely misses you.
Space momentarily warps into an impossible shape!
You hit the slime creature but do no damage.
You blast the acid blob!!!
You kill the acid blob!
Cheibriados appreciates the change of pace.
You batter the acid blob!!
Lightning courses through the acid blob!
You blast the acid blob!!!
You kill the acid blob!
Cheibriados thoroughly appreciates the change of pace.
The acid blob spits acid at you. The splash of acid hits you!
You die...

#..##.#
.......##
........##
.........#
.........#
.........#
......J..##
.......v..#
...............
...............
...............
...............
...............
.......J.......
#..............


You could see an acid blob and a slime creature.

Vanquished Creatures
  Dissolution (Slime:3)
  Saint Roka (Orc:2)
  Vashnia (Snake:2)
  A tentacled monstrosity (Swamp:4)
  2 deep elf master archers (WizLab)
  8 acid blobs
  Frances (Snake:1)
  Agnes (Snake:3)
  3 thorn hunters
  An azure jelly (Slime:1)
  The ghost of Orchucw the Marksminotaur, an adept MiHu of Nemelex Xobeh (Snake:3)
  2 nagarajas (Snake:4)
  3 fenstrider witches (WizLab)
  2 deep elf sorcerers (Elf:2)
  Aizul (Snake:1)
  3 rockslimes
  An ironbound preserver (D:14)
  4 quicksilver oozes
  Nessos (Lair:4)
  2 deep elf demonologists
  A dire elephant (Lair:3)
  6 eleionomae
  Snorg (D:12)
  6 bunyips
  Josephine (D:10)
  3 shambling mangroves
  An ettin (Orc:2)
  2 deep elf high priests (Elf:1)
  3 great orbs of eyes
  3 salamander tyrants (Snake:4)
  Erolcha (D:13)
  15 hydras
  A boulder beetle (D:14)
  A catoblepas (Lair:5)
  4 ghost crabs
  2 rakshasas (D:15)
  11 anacondas
  9 centaur warriors
  4 ogre magi (Orc:2)
  19 two-headed ogres
  24 dancing weapons
  19 naga warriors
  5 alligators
  12 death yaks
  3 satyrs (WizLab)
  A death yak (shapeshifter) (D:15)
  2 tengu warriors
  Urug (Lair:2)
  25 naga sharpshooters
  An orc high priest (Orc:2)
  11 shock serpents
  Sonja (D:12)
  5 deep elf knights
  Nergalle (D:12)
  8 salamander mystics
  4 skeletal warriors
  Lodul (D:10)
  5 spriggan druids
  4 goliath frogs
  11 swamp dragons
  19 deep elf archers
  7 bog bodies
  21 deep elf pyromancers
  A wizard (D:14)
  4 naga ritualists
  3 lindwurms (Snake:4)
  11 deep elf zephyrmancers
  3 orc knights
  3 orc sorcerers
  5 ugly things
  8 mana vipers
  5 will-o-the-wisps
  4 manticores
  31 black mambas
  3 oklob plants (WizLab)
  3 cyclopes (D:14)
  16 elephants
  27 salamanders
  11 guardian serpents
  13 naga magi
  Maurice (D:10)
  An eye of devastation (Slime:2)
  13 cane toads
  A torpor snail (Lair:5)
  4 rime drakes
  Psyche (D:10)
  A kobold demonologist (Bailey)
  A tengu conjurer (D:14)
  2 unseen horrors
  2 yaktaurs
  2 efreet (D:15)
  6 komodo dragons
  A yaktaur (shapeshifter) (D:14)
  10 trolls
  5 tyrant leeches
  2 bloated husks (Swamp:4)
  11 blink frogs
  A tarantella (shapeshifter) (D:13)
  47 slime creatures
  6 polar bears
  2 hornets (shapeshifter)
  2 dream sheep (Lair:6)
  10 hornets
  An air elemental (Elf:1)
  A jumping spider (shapeshifter) (D:15)
  16 spriggans
  5 wraiths
  38 yaks
  2 shadows
  2 water elementals (Elf:1)
  11 wyverns
  3 steam dragons
  5 golden eyes (Slime:1)
  3 fire elementals
  17 vampire mosquitoes
  5 basilisks
  3 wargs
  23 swamp worms
  43 nagas
  Duvessa (D:4)
  4 acid dragons
  A naga (shapeshifter) (D:15)
  A hell hound (Orc:2)
  17 water moccasins
  9 black bears
  7 swamp drakes (Swamp:4)
  31 orc warriors
  A sky beast (D:7)
  4 boggarts (Lair:6)
  37 ogres
  36 wolves
  13 centaurs
  A phantom (D:3)
  2 kobold brigands
  10 bullfrogs
  2 necrophages
  A gnoll sergeant (D:9)
  3 scorpions
  An earth elemental (Elf:2)
  4 wights
  Dowan (D:4)
  2 elephant simulacra (IceCv)
  5 killer bees (D:10)
  11 electric eels
  19 orc priests
  4 hounds
  3 jellies (Lair:6)
  23 orc wizards
  6 iguanas
  2 polar bear simulacra (IceCv)
  11 gnolls
  5 adders
  2 white imps
  4 worms
  4 dart slugs
  88 orcs
  9 ball pythons
  5 endoplasms
  2 giant cockroaches
  22 goblins
  15 hobgoblins
  6 jackals
  15 kobolds
  3 quokkas
  7 bats
  5 frilled lizards
  5 rats
  2 briar patches (WizLab)
1258 creatures vanquished.

Vanquished Creatures (collateral kills)
  Azrael (Orc:2)
  A satyr (WizLab)
  2 hornets (WizLab)
  4 yaks (D:6)
  A hell hound (Orc:2)
  An orc priest (D:4)
10 creatures vanquished.

Vanquished Creatures (others)
  A deep elf knight (Elf:2)
  A wizard (D:13)
  A tengu conjurer (D:12)
  2 orcs (Elf:1)
  A briar patch (WizLab)
  2 bushes
  2 foxfires (Swamp:2)
  37 fungi
  80 plants
  14 withered plants (Gauntlet)
141 creatures vanquished.

Grand Total: 1409 creatures vanquished

Notes
Turn   | Place    | Note
-------+----------+-------------------------------------------
     0 | D:1      | buhh the Octopode Transmuter began the quest for the Orb.
     0 | D:1      | Reached XP level 1. HP: 13/13 MP: 3/3
    97 | D:1      | Reached skill level 1 in Stealth
    97 | D:1      | Reached XP level 2. HP: 8/18 MP: 3/5
   277 | D:1      | Reached skill level 1 in Poison Magic
   727 | D:1      | Reached XP level 3. HP: 18/23 MP: 4/6
  1377 | D:2      | Identified the +0 cloak of Experimentation {+Inv Str+4
                  | Dex-3}
  1975 | D:1      | Learned a level 2 spell: Wereblood
  1979 | D:1      | Learned a level 3 spell: Spider Form
  1987 | D:2      | Reached XP level 4. HP: 20/29 MP: 3/7
  2180 | D:2      | Found a faded altar of an unknown god.
  2771 | D:3      | Found a shadowy altar of Dithmenos.
  3239 | D:3      | Found a white marble altar of Elyvilon.
  3579 | D:3      | Noticed a phantom
  3602 | D:3      | Killed a phantom
  3603 | D:3      | Reached XP level 5. HP: 20/36 MP: 5/8
  3762 | D:4      | Noticed a black bear
  4212 | D:4      | Reached XP level 6. HP: 38/42 MP: 4/9
  4230 | D:4      | Killed a black bear
  4626 | D:4      | Reached XP level 7. HP: 43/47 MP: 10/10
  4825 | D:4      | Noticed Duvessa
  4825 | D:4      | Noticed Dowan
  4853 | D:4      | Reached skill level 5 in Unarmed Combat
  4864 | D:4      | Killed Duvessa
  4890 | D:4      | Killed Dowan
  5067 | D:4      | Noticed Edmund
  5366 | D:5      | Entered Level 5 of the Dungeon
  6156 | D:5      | Reached skill level 5 in Dodging
  6290 | D:5      | Reached XP level 8. HP: 54/54 MP: 11/11
  6688 | D:5      | Reached skill level 3 in Transmutations
  6756 | D:5      | Found a burning altar of Makhleb.
  7165 | D:6      | Reached skill level 5 in Fighting
  7508 | D:6      | Found a staircase to the Ecumenical Temple.
  7519 | Temple   | Entered the Ecumenical Temple
  7527 | Temple   | Became a worshipper of Cheibriados the Contemplative
  7612 | D:6      | Reached skill level 4 in Transmutations
  7961 | D:6      | Noticed a two-headed ogre
  7965 | D:6      | Noticed a yak
  7970 | D:6      | Killed a yak
  7971 | D:6      | Reached XP level 9. HP: 61/61 MP: 12/12
  7979 | D:6      | Reached skill level 5 in Transmutations
  7998 | D:6      | Killed a two-headed ogre
  8177 | D:6      | Reached skill level 6 in Transmutations
  8231 | D:6      | Reached * piety under Cheibriados
  8585 | D:6      | Found a runed translucent door.
  8586 | D:6      | Noticed Crazy Yiuf
  8971 | D:7      | Reached skill level 1 in Ice Magic
  9100 | D:7      | Found Zosmuyl's Island Escapes.
  9108 | D:7      | Bought a scroll of fog for 28 gold pieces
  9108 | D:7      | Bought a scroll of teleportation for 42 gold pieces
  9108 | D:7      | Bought a scroll of blinking for 105 gold pieces
  9108 | D:7      | Bought a potion of invisibility for 112 gold pieces
  9228 | D:7      | Reached XP level 10. HP: 53/71 MP: 13/13
  9706 | D:8      | Noticed a two-headed ogre
 10004 | D:8      | Reached ** piety under Cheibriados
 10005 | D:8      | Reached skill level 5 in Ice Magic
 10810 | D:9      | Found a staircase to the Orcish Mines.
 10900 | D:9      | Reached skill level 1 in Invocations
 11489 | D:10     | Entered Level 10 of the Dungeon
 11498 | D:9      | Learned a level 4 spell: Ice Form
 11539 | D:10     | Found a flagged portal.
 11542 | D:10     | Reached *** piety under Cheibriados
 11551 | Bailey   | Entered a bailey
 12567 | Bailey   | Noticed an orc knight
 12616 | Bailey   | Noticed a kobold demonologist
 12618 | Bailey   | Reached **** piety under Cheibriados
 12625 | Bailey   | Killed a kobold demonologist
 12626 | Bailey   | Reached skill level 5 in Invocations
 12626 | Bailey   | Reached XP level 11. HP: 77/77 MP: 14/14
 12629 | Bailey   | Found an iron altar of Okawaru.
 12636 | Bailey   | Noticed an orc sorcerer
 12828 | Bailey   | Acquired the ring "Gapit" {rF+ rC+}
 12831 | Bailey   | Acquired the ring of Finality {Will+ Int+6 Dex+6 SInv}
 12834 | Bailey   | Acquired the +3 crown of Dyrovepreva {rElec Int+2 SInv}
 12834 | Bailey   | Found the +3 crown of Dyrovepreva {rElec Int+2 SInv}
 12972 | D:10     | Noticed Psyche
 13031 | D:10     | Identified the +0 ring mail of Fortification {SInv}
 13048 | D:10     | Killed Psyche
 13070 | D:10     | Found a bloodstained altar of Trog.
 13124 | D:10     | Reached ***** piety under Cheibriados
 13126 | D:10     | Noticed Josephine
 13141 | D:10     | Noticed Lodul
 13149 | D:10     | Killed Josephine
 13154 | D:10     | Killed Lodul
 13373 | D:10     | Found a staircase to the Lair.
 13679 | D:10     | Noticed Maurice
 13686 | D:10     | Killed Maurice
 13823 | D:10     | Found Qurom's Armour Shoppe.
 14037 | D:11     | Reached XP level 12. HP: 85/85 MP: 18/18
 14398 | D:11     | Noticed a two-headed ogre
 14410 | D:11     | Killed a two-headed ogre
 15180 | Lair:1   | Entered Level 1 of the Lair of Beasts
 15973 | Lair:1   | Reached skill level 10 in Invocations
 16180 | Lair:2   | Found a frozen archway.
 16190 | IceCv    | Entered an ice cave
 16275 | IceCv    | Found a transporter.
 16282 | IceCv    | Found a transporter.
 16778 | Lair:2   | Noticed Urug
 16909 | Lair:2   | You fall into a shaft and drop 2 floors!
 17043 | Lair:5   | Noticed a catoblepas
 17051 | Lair:5   | Killed a catoblepas
 17052 | Lair:5   | Reached skill level 10 in Fighting
 17052 | Lair:5   | Reached skill level 10 in Dodging
 17052 | Lair:5   | Reached skill level 10 in Unarmed Combat
 17081 | Lair:4   | Reached XP level 13. HP: 92/92 MP: 14/21
 17346 | Lair:4   | Noticed Nessos
 17351 | Lair:4   | Killed Nessos
 17715 | Lair:3   | Found a staircase to the Swamp.
 17864 | Lair:3   | Found a runed translucent gate.
 17866 | Lair:3   | Found a runed translucent gate.
 17882 | Lair:3   | Noticed Zoerut Uceps's ghost (journeyman MfGl)
 17914 | Lair:3   | Noticed a dire elephant
 17931 | Lair:3   | Killed a dire elephant
 18241 | Lair:3   | Found a runed translucent gate.
 18254 | Lair:3   | Found a staircase to the Snake Pit.
 19630 | D:12     | Reached XP level 14. HP: 101/101 MP: 23/23
 19644 | D:12     | Noticed Snorg
 19661 | D:12     | Killed Snorg
 19775 | D:12     | Noticed Nergalle
 19780 | D:12     | Killed Nergalle
 19797 | D:12     | Found a transporter.
 19800 | D:12     | Found a transporter.
 19801 | D:12     | Noticed pokeman's ghost (journeyman DEHW)
 19801 | D:12     | Identified the +8 giant club of Righteous Fury {spect,
                  | rElec rN++ Stlth+}
 19801 | D:12     | Identified the +8 great mace of Ynatas {spect, Str+3}
 19807 | D:12     | Noticed Sonja
 19811 | D:12     | Killed Sonja
 19871 | D:12     | Found Vezxehar's Distillery.
 20615 | D:13     | Reached ****** piety under Cheibriados
 20857 | D:13     | Noticed Erolcha
 22857 | Lair:5   | Reached skill level 7 in Transmutations
 23275 | Lair:6   | Entered Level 6 of the Lair of Beasts
 23275 | Lair:6   | Found a gate leading to a gauntlet.
 23294 | Gauntlet | Entered a Gauntlet
 23294 | Gauntlet | Found a transporter.
 23294 | Gauntlet | Found a transporter.
 23295 | Gauntlet | Found a transporter.
 23298 | Gauntlet | Found a transporter.
 23298 | Gauntlet | Found a transporter.
 23298 | Gauntlet | Found a transporter.
 23310 | Gauntlet | Found a transporter.
 23312 | Gauntlet | Found a transporter.
 23319 | Gauntlet | Noticed a balrug
 23322 | Gauntlet | Found a transporter.
 23427 | Gauntlet | Found a transporter.
 23427 | Gauntlet | Found a transporter.
 23439 | Gauntlet | Found a transporter.
 23687 | Lair:6   | Reached skill level 1 in Air Magic
 23704 | Lair:6   | Found a viscous altar of Jiyva.
 23722 | Lair:6   | Reached skill level 8 in Transmutations
 23874 | Lair:6   | Found a staircase to the Slime Pits.
 24089 | Lair:6   | Reached XP level 15. HP: 108/108 MP: 24/24
 24481 | Lair:6   | Reached skill level 9 in Transmutations
 24635 | Lair:6   | Reached skill level 5 in Air Magic
 25188 | Lair:2   | Killed Urug
 25571 | D:13     | Killed Erolcha
 25971 | D:13     | Found Cubbyitim's Armour Shoppe.
 26204 | D:14     | Reached skill level 10 in Transmutations
 26526 | D:14     | Found a gate to the Vaults.
 27262 | D:12     | Bought a potion of magic for 96 gold pieces
 27262 | D:12     | Bought a potion of mutation for 96 gold pieces
 27262 | D:12     | Bought a potion of magic for 96 gold pieces
 27262 | D:12     | Bought a potion of curing for 36 gold pieces
 27262 | D:12     | Bought a potion of curing for 36 gold pieces
 27262 | D:12     | Bought 2 potions of brilliance for 96 gold pieces
 27262 | D:12     | Bought a potion of ambrosia for 96 gold pieces
 27266 | D:12     | Reached XP level 16. HP: 114/114 MP: 25/25
 27464 | Snake:1  | Entered Level 1 of the Snake Pit
 27733 | Swamp:1  | Entered Level 1 of the Swamp
 27982 | Orc:1    | Entered Level 1 of the Orcish Mines
 28062 | Orc:1    | Found Lisattug's Specific Store.
 28067 | Orc:1    | Found Jexkyfo's General Store.
 28172 | Orc:2    | Entered Level 2 of the Orcish Mines
 28172 | Orc:2    | Found a radiant altar of Vehumet.
 28473 | Orc:2    | Reached skill level 11 in Transmutations
 28482 | Orc:2    | Noticed Saint Roka
 28520 | Orc:2    | Noticed Azrael
 28721 | Orc:2    | Killed Azrael
 28723 | Orc:2    | Reached skill level 10 in Air Magic
 28887 | Orc:2    | Killed Saint Roka
 28888 | Orc:2    | Reached XP level 17. HP: 56/119 MP: 21/26
 28927 | Orc:2    | Found Loevock's Magic Scroll Boutique.
 28927 | Orc:2    | Found Rius Ylep's Assorted Antiques.
 28927 | Orc:2    | Found Roibiq's Magic Scroll Emporium.
 28927 | Orc:2    | Found Tizy's Assorted Antiques.
 29254 | Orc:1    | Learned a level 7 spell: Storm Form
 29428 | Orc:2    | Reached skill level 12 in Transmutations
 29615 | Orc:2    | Found a staircase to the Elven Halls.
 29692 | Orc:2    | Bought a scroll of blinking for 270 gold pieces
 29692 | Orc:2    | Bought a scroll of blinking for 270 gold pieces
 29695 | Orc:2    | Bought a scroll of fear for 45 gold pieces
 29695 | Orc:2    | Bought a scroll of fear for 45 gold pieces
 29695 | Orc:2    | Bought a scroll of magic mapping for 45 gold pieces
 29695 | Orc:2    | Bought a scroll of identify for 26 gold pieces
 29697 | Orc:2    | Bought a scroll of identify for 26 gold pieces
 29697 | Orc:2    | Bought a scroll of identify for 26 gold pieces
 29697 | Orc:2    | Bought a scroll of identify for 26 gold pieces
 30469 | D:15     | Entered Level 15 of the Dungeon
 30643 | D:15     | Reached skill level 1 in Earth Magic
 30806 | D:15     | Found Qeynwac's Book Shop.
 32678 | D:15     | Reached skill level 13 in Transmutations
 32709 | D:15     | Found a staircase to the Depths.
 32810 | D:13     | Learned a level 6 spell: Statue Form
 33949 | Elf:1    | Entered Level 1 of the Elven Halls
 33978 | Orc:2    | Reached skill level 5 in Earth Magic
 34509 | Elf:1    | Noticed an Executioner
 34529 | Elf:1    | Found a runed translucent gate.
 34529 | Elf:1    | Found a runed translucent gate.
 34529 | Elf:1    | Found a runed translucent gate.
 34529 | Elf:1    | Found a runed translucent gate.
 34529 | Elf:1    | Found a runed translucent gate.
 34530 | Elf:1    | Found a runed translucent gate.
 35370 | Elf:1    | Reached skill level 14 in Transmutations
 35623 | Elf:2    | Reached XP level 18. HP: 113/126 MP: 27/27
 35692 | Elf:2    | Found a magical portal.
 35707 | WizLab   | Entered Eringya's Formal Garden
 36013 | WizLab   | Reached skill level 15 in Transmutations
 36435 | WizLab   | Noticed a deep elf master archer
 36438 | WizLab   | Noticed a deep elf master archer
 36440 | WizLab   | Killed a deep elf master archer
 36683 | WizLab   | Killed a deep elf master archer
 36684 | WizLab   | Reached skill level 16 in Transmutations
 36689 | WizLab   | Paralysed by a fenstrider witch for 2 turns
 37083 | WizLab   | Found a blossoming altar of Fedhas.
 37703 | Elf:2    | Reached skill level 17 in Transmutations
 37996 | Elf:2    | Found a huge runed translucent gate.
 37996 | Elf:2    | Found a huge runed translucent gate.
 37996 | Elf:2    | Found a huge runed translucent gate.
 37996 | Elf:2    | Found a huge runed translucent gate.
 37996 | Elf:2    | Found a huge runed translucent gate.
 39321 | Snake:1  | Noticed Frances
 39329 | Snake:1  | Killed Frances
 39330 | Snake:1  | Reached skill level 1 in Translocations
 39692 | Snake:1  | Noticed Aizul
 39702 | Snake:1  | Killed Aizul
 40788 | Snake:2  | Reached XP level 19. HP: 131/131 MP: 28/28
 40920 | Snake:2  | Noticed Vashnia
 42066 | Snake:3  | Noticed Agnes
 42113 | Snake:3  | Killed Agnes
 42229 | Snake:3  | Reached skill level 5 in Translocations
 42463 | Snake:3  | Found Nougo's Antique Weapon Shop.
 42470 | Snake:3  | Found Womejiti's Distillery.
 42482 | Snake:3  | Bought a potion of heal wounds for 100 gold pieces
 42482 | Snake:3  | Bought a potion of heal wounds for 100 gold pieces
 42482 | Snake:3  | Bought 2 potions of heal wounds for 200 gold pieces
 42482 | Snake:3  | Bought a potion of curing for 60 gold pieces
 42482 | Snake:3  | Bought a potion of curing for 60 gold pieces
 42482 | Snake:3  | Bought a potion of might for 80 gold pieces
 42482 | Snake:3  | Bought a potion of might for 80 gold pieces
 42899 | Snake:3  | Identified the +1 leather armour of Disaster {Will+ rCorr
                  | Slay+3}
 42921 | Snake:3  | Found a runed translucent door.
 42931 | Snake:3  | Noticed Orchucw's ghost (adept MiHu)
 43043 | Snake:3  | Killed Orchucw's ghost
 43044 | Snake:3  | Reached skill level 5 in Spellcasting
 43107 | Snake:4  | Entered Level 4 of the Snake Pit
 43243 | Snake:2  | Learned a level 5 spell: Manifold Assault
 43246 | Snake:2  | Killed Vashnia
 44862 | Swamp:2  | Noticed zhov's ghost (adept SpHu)
 44866 | Swamp:2  | Found a transporter.
 44903 | Swamp:2  | Found a transporter.
 45269 | Swamp:3  | Reached skill level 10 in Translocations
 46026 | Swamp:4  | Entered Level 4 of the Swamp
 46316 | Swamp:4  | Noticed a tentacled monstrosity
 46421 | Swamp:4  | Killed a tentacled monstrosity
 46422 | Swamp:4  | Reached XP level 20. HP: 134/137 MP: 29/29
 47033 | Swamp:4  | Got a decaying rune of Zot
 48162 | Snake:4  | Found Gehonyzo's Jewellery Emporium.
 48163 | Snake:4  | Found Bevi's Book Boutique.
 48163 | Snake:4  | Found Laonor's Book Boutique.
 49138 | Snake:4  | Got a serpentine rune of Zot
 49512 | Slime:1  | Entered Level 1 of the Pits of Slime
 49870 | Slime:3  | Noticed Dissolution
 49878 | Slime:3  | Killed Dissolution
 49879 | Slime:3  | Reached XP level 21. HP: 87/143 MP: 32/32
 50195 | Slime:5  | Entered Level 5 of the Pits of Slime
 50464 | Slime:5  | Killed from afar by an acid blob

Illustrated notes

Levels and vault maps discovered:
D:1:      minmay_arrival_cross, layout_basic
D:2:      minmay_door_path, layout_loops_ring, basic_ecumenical_altar,
          minmay_tetromino_o4
D:3:      layout_basic, mainiacjoe_overflow_catch_the_wave
D:4:      layout_basic, uniq_duvessa, uniq_edmund
D:5:      layout_loops_ring, pf_just_have_faith, minmay_misc_feat_diagonals,
          minmay_misc_feat_cross
D:6:      layout_loops_corners, minmay_temple_entry_statues_pillars,
          minmay_misc_feat_doors, kennysheep_another_room,
          uniq_crazy_yiuf_cottage
D:7:      layout_rooms, nicolae_island_escapes
D:8:      layout_cave_pools
D:9:      layout_rooms, erik_orc_4
D:10:     layout_roguey, mainiacjoe_overflow_chevrons, minmay_lair_entry_grove,
          enter_bailey_3, serial_shops, nicolae_shop_stone, uniq_maurice,
          uniq_lodul, uniq_josephine, uniq_psyche
D:11:     layout_basic
D:12:     layout_basic, serial_shops, nicolae_take_the_stairs,
          gammafunk_ghost_smash, uniq_sonja, uniq_snorg, uniq_nergalle
D:13:     layout_rooms, serial_shops, kennysheep_little_box, uniq_erolcha
D:14:     layout_roguey, skrybe_vaults_entry_preservation, nicolae_wwwww
D:15:     gammafunk_enter_depths_forms, layout_irregular_city,
          serial_column_ruins, column_ruins_hut_ruined,
          column_ruins_open_medium, column_ruins_open_tiny_water,
          column_ruins_grid_1, column_ruins_columns_straight,
          column_ruins_open_small, column_ruins_corridor_straight, serial_shops,
          nicolae_square_shop, dk_noncrumbling_3
Temple:   eino_narrow_crystal_temple
Lair:1:   layout_regular_city, grunt_megastairs_2
Lair:2:   layout_regular_city, portal_ice_cave_entry_pillars_1,
          nicolae_quartered_pool_medium, nicolae_lair_lil_pond, uniq_urug
Lair:3:   cheibrodos_magma_flow, layout_big_grid, minmay_swamp_entry_swarm,
          guppyfry_snake_entry_garden, gammafunk_ghost_split,
          nicolae_lair_lakeside_cave, uniq_amaemon
Lair:4:   layout_big_grid, pond, uniq_nessos
Lair:5:   layout_loops_ring, grunt_megastairs_3, serial_bayou_shore_a
Lair:6:   minmay_lair_end_enchanted_forest, layout_hall_layers,
          minmay_slime_entry_pillars, gauntlet_entry_generic,
          infiniplex_staircase_pool
Swamp:1:  nicolae_swamp_decorative_isthmus, layout_basic_swamp,
          hangedman_swamp_cone, swamp_pool1
Swamp:2:  layout_basic_swamp, gammafunk_ghost_arena, evilmike_swamp_ruin_house_3
Swamp:3:  layout_falls_marsh, evilmike_swamp_ruin_house_6, ldierk_geyser,
          infiniplex_staircase_pool_2
Swamp:4:  swamp_alternative, layout_basic_swamp, swamp_pool1
Snake:1:  layout_gridlike, grunt_ministairs_2, uniq_frances, uniq_aizul
Snake:2:  layout_gridlike, nicolae_integral_box, uniq_vashnia
Snake:3:  layout_gridlike, hellmonk_ghost_happy_afterlife, minmay_shoptagon,
          uniq_agnes
Snake:4:  snake_pit_salamanders_mu, layout_cave_town, nicolae_snake_omega,
          minmay_shop_grove, serial_bayou_shore_b
Slime:1:  layout_caves
Slime:2:  layout_caves
Slime:3:  layout_caves, dissolution_awaits
Slime:4:  layout_caves
Slime:5
Orc:1:    layout_diamond_mine, nicolae_specific_store
Orc:2:    st_orc_ogre_mass, layout_caves, basic_altar, uniq_azrael,
          uniq_saint_roka
Elf:1:    minmay_elf_arrival_plus, layout_geoelf_octagon, orc_legates
Elf:2:    elven_hall_of_blades_hangedman_alternative
          [nooodl_blade_entry_preview], layout_geoelf_octagon,
          mu_enter_wizlab_4, lemuel_upstairs_altar

Skill      XL: |  1  2  3  4  5  6  7  8  9 10 11 12 13 14 15 16 17 18 19 20 21 |
---------------+----------------------------------------------------------------+-----
Stealth        | 1 2 3 |  3.0
Poison Magic   | 1 2 |  2.0
Fighting       | 2 3 4 5 7 9 10 11 12 | 12.3
Dodging        | 3 4 5 7 8 10 11 12 14 | 14.9
Unarmed Combat | 4 5 6 7 8 10 11 12 | 12.3
Transmutations | 4 6 8 10 11 14 17 | 17.5
Ice Magic      | 3 6 |  6.0
Invocations    | 5 8 11 13 | 13.0
Air Magic      | 3 9 10 11 12 14 | 14.8
Earth Magic    | 8 |  8.0
Translocations | 3 11 | 11.0
Spellcasting   | 5 7 8 |  8.2

Action                   |  1- 3 |  4- 6 |  7- 9 | 10-12 | 13-15 | 16-18 | 19-21 || total
-------------------------+-------+-------+-------+-------+-------+-------+-------++-------
Melee: Unarmed           |    74 |   106 |   205 |   405 |   613 |   642 |   764 ||  2809
       Constrict         |    19 |    15 |    21 |     2 |       |    50 |       ||   107
       Kick              |    19 |    15 |    12 |       |       |       |       ||    46
       Tentacles         |    10 |    14 |    19 |     3 |       |    57 |       ||   103
       Punch             |     2 |     2 |     6 |     1 |       |    26 |    18 ||    55
 Cast: Beastly Appendage |    22 |    27 |    20 |     2 |       |       |       ||    71
       Spider Form       |     1 |     6 |    23 |    13 |       |       |       ||    43
       Wereblood         |       |     1 |       |     7 |     7 |     5 |     7 ||    27
       Ice Form          |       |       |       |    52 |   109 |    50 |       ||   211
       Statue Form       |       |       |       |       |       |    49 |       ||    49
       Storm Form        |       |       |       |       |       |    18 |   117 ||   135
       Manifold Assault  |       |       |       |       |       |       |   375 ||   375
Invok: Slouch            |       |       |       |     3 |     9 |    11 |       ||    23
       Step From Time    |       |       |       |       |       |     5 |     3 ||     8
Evoke: Wand              |       |       |     6 |    19 |       |    11 |       ||    36
  Use: Potion            |     1 |       |       |       |     1 |    11 |     1 ||    14
       Scroll            |     3 |       |     6 |    13 |     9 |    23 |     4 ||    58
 Stab: Sleeping          |     9 |     8 |    10 |    10 |    12 |     7 |       ||    56
       Distracted        |       |       |     2 |       |       |       |       ||     2
Armor: Skin              |    33 |     1 |     7 |    47 |   115 |   212 |    65 ||   480
Dodge: Dodged            |    50 |    66 |   174 |   348 |   820 |  1078 |   489 ||  3025

Table legend: (Time is in decaauts)
 A = Elapsed time spent in this place.
 B = Non-inter-level travel time spent in this place.
 C = Inter-level travel time spent in this place.
 D = Time resting spent in this place.
 E = Time spent auto-exploring this place.
 F = Levels seen in this place.
 G = Mean time per level.
                   A        B        C        D        E       F      G
               +--------+--------+--------+--------+--------+-----+--------+
         Total |  68677 |  59966 |   8711 |   8685 |  41082 |  43 | 1597.1 |
       Dungeon |  27507 |  23234 |   4273 |   2459 |  17320 |  15 | 1833.8 |
        Temple |     18 |      8 |     10 |      0 |      0 |   1 |   18.0 |
          Lair |  13742 |  11259 |   2483 |   1165 |   8543 |   6 | 2290.3 |
         Swamp |   5309 |   5037 |    272 |    395 |   4086 |   4 | 1327.2 |
     Snake Pit |   8899 |   8002 |    897 |   1561 |   5133 |   4 | 2224.8 |
    Slime Pits |    878 |    878 |      0 |    673 |      0 |   5 |  175.6 |
  Orcish Mines |   3811 |   3415 |    396 |    812 |   1993 |   2 | 1905.5 |
   Elven Halls |   3957 |   3581 |    376 |      0 |   2865 |   2 | 1978.5 |
        Bailey |   1623 |   1623 |      0 |    655 |    399 |   1 | 1623.0 |
      Ice Cave |    137 |    137 |      0 |      0 |     75 |   1 |  137.0 |
        Wizlab |   2299 |   2299 |      0 |    964 |    370 |   1 | 2299.0 |
      Gauntlet |    490 |    490 |      0 |      0 |    294 |   1 |  490.0 |
               +--------+--------+--------+--------+--------+-----+--------+

Top non-repeatable levels by time:
  Lair:3: 3848 daAuts
    D:15: 3009 daAuts
 Snake:2: 2637 daAuts
    D:12: 2628 daAuts
   Orc:2: 2527 daAuts
  Lair:6: 2384 daAuts
  WizLab: 2299 daAuts
     D:6: 2197 daAuts
 Snake:4: 2179 daAuts
    D:11: 2165 daAuts
 Snake:1: 2159 daAuts
    D:10: 2146 daAuts
  Lair:1: 2133 daAuts
   Elf:1: 2131 daAuts
  Lair:2: 2110 daAuts
